 Dungeon Crawl Stone Soup version 0.27.1-34-g3ba077fa99 (webtiles) character file.

Game seed: 14136790203162808671

62 strmdvr the Firebug (level 4, -6/26 HPs)
             Began as a Gargoyle Fire Elementalist on Jan 2, 2022.
             Killed by divine providence
             ... invoked by an orc priest
              (13 damage)
             ... on level 2 of the Dungeon.
             The game lasted 00:05:44 (1647 turns).

strmdvr the Firebug (Gargoyle Fire Elementalist)    Turns: 1647, Time: 00:05:47

Health: -6/26      AC:  9    Str: 18    XL:     4   Next: 8%
Magic:  2/7        EV: 11    Int: 16    God:
Gold:   91         SH:  0    Dex: 10    Spells: 7/8 levels left

rFire    . . .     SeeInvis .   e - +2 dagger (venom)
rCold    . . .     Faith    .   (no shield)
rNeg     + . .     Spirit   .   a - +0 robe
rPois    ∞         Reflect  .   (no helmet)
rElec    +         Harm     .   (no cloak)
rCorr    .         Rampage  .   (no gloves)
Will     .....                  (no boots)
Stlth    ++........             (no amulet)
HPRegen  0.08/turn              c - +6 ring of strength
MPRegen  0.10/turn              i - +4 ring of protection

@: no status effects
A: sickness immunity, AC +3, negative energy resistance 1, electricity
resistance, torment resistance 1, petrification resistance
a: no special abilities


You were on level 2 of the Dungeon.
You visited 1 branch of the dungeon, and saw 2 of its levels.

You collected 91 gold pieces.

Inventory:

Hand Weapons
 b - a +0 spear
 e - a +2 dagger of venom (weapon)
Armour
 a - a +0 robe (worn)
Jewellery
 c - a +6 ring of strength (left hand)
 i - a +4 ring of protection (right hand)
Scrolls
 d - a scroll of amnesia {unknown}
 f - a scroll of identify {unknown}
 g - a scroll of enchant armour {unknown}
Potions
 h - a potion of haste {unknown}


   Skills:
 + Level 1.7 Fighting
 - Level 1.5 Dodging
 - Level 2.1 Stealth
 + Level 2.6 Spellcasting
 + Level 2.2 Conjurations
 + Level 3.5 Fire Magic


You had 7 spell levels left.
You knew the following spells:

 Your Spells              Type           Power      Damage    Failure   Level
a - Foxfire               Conj/Fire      44%        2x1d6     6%          1

Your spell library contained the following spells:

 Spells                   Type           Power      Damage    Failure   Level
 Conjure Flame            Conj/Fire      11%        6-21      19%         3
 Inner Flame              Hex/Fire       7%         N/A       28%         3
 Tukima's Dance           Hex            2%         N/A       52%         3
 Sticky Flame             Conj/Fire      11%        2d3       52%         4
 Fireball                 Conj/Fire      5%         3d5       86%         5
 Passage of Golubria      Tloc           N/A        N/A       89%         4
 Yara's Violent Unravell  Hex/Tmut       1%         3d3       99%         5


Dungeon Overview and Level Annotations

Branches:
Dungeon (2/15)

Altars:


Innate Abilities, Weirdness & Mutations

You are immune to sickness and miasma.
Your stone body is resilient. (AC +3)
You are immune to poison.
You resist negative energy. (rN+)
You are resistant to electric shocks. (rElec)
You are resistant to unholy torment.
You are immune to petrification.


Message History

You conjure some foxfire!
The orc priest closely misses you.
The foxfire hits the orc priest.
The orc priest is lightly wounded.
You conjure some foxfire!
The orc priest hits you with a +0 falchion.
The orc hits you with a +0 short sword.
Your foxfire dissipates!
You barely miss the orc priest.
The orc priest is lightly wounded.
The orc priest hits you with a +0 falchion.
You hit the orc priest.
The orc priest is lightly wounded.
The orc priest hits you but does no damage.
You hit the orc priest but do no damage.
The orc priest is poisoned.
The orc priest is lightly wounded.
The orc priest barely misses you.
The orc priest calls down the wrath of Beogh upon you.
Beogh smites you!
The orc priest invokes the aid of Beogh against you.
Pain shoots through your body!
* * * LOW HITPOINT WARNING * * *
You are too injured to fight recklessly!
Okay, then.
Casting: Foxfire (safe; 6% risk of failure)
Confirm with . or Enter, or press ? or * to list all spells.
You conjure some foxfire!
Casting: Foxfire (safe; 6% risk of failure)
Confirm with . or Enter, or press ? or * to list all spells.
You don't know that spell.
Casting: Foxfire (safe; 6% risk of failure)
Confirm with . or Enter, or press ? or * to list all spells.
You conjure some foxfire!
Your foxfire dissipates! x2
The foxfire hits the orc.
The orc is lightly wounded.
The orc priest mumbles some strange prayers to Beogh against you.
Beogh smites you!
Ouch! That really hurt!
You die...

........# #..##
##########.###...#
#......†...†...§.#
#..........##..§.# #
.[......#####..§.###.###
#######.# #..§........
#.# #.##§.##.### #####
#.# #.##..##.# ....# #.#
#.##@.o#.# ###.# #†#
#.##§#o#.# ..#.# #.#
..##§#o#.# #.#.# #.#
#.#o..# ..#.#
...........##..# ###.#
##########..# #.#
#....o..># #.#
#.######## #.# #.


You could see an orc priest (poisoned) and an orc.

Vanquished Creatures
  An adder (D:2)
  A worm (D:2)
  4 dart slugs
  3 endoplasms
  A giant cockroach (D:1)
  2 goblins (D:1)
  10 hobgoblins
  A quokka (D:2)
  2 ball pythons (D:1)
  6 bats (D:1)
  A frilled lizard (D:1)
  2 kobolds (D:1)
  6 rats
40 creatures vanquished.

Vanquished Creatures (others)
  105 foxfires
105 creatures vanquished.

Grand Total: 145 creatures vanquished

Notes
Turn   | Place    | Note
-------+----------+-------------------------------------------
     0 | D:1      | strmdvr the Gargoyle Fire Elementalist began the quest for
                  | the Orb.
     0 | D:1      | Reached XP level 1. HP: 10/10 MP: 3/3
   143 | D:1      | Reached XP level 2. HP: 16/16 MP: 3/5
   265 | D:1      | Reached skill level 1 in Fighting
   370 | D:1      | Found a faded altar of an unknown god.
   573 | D:1      | Reached XP level 3. HP: 20/20 MP: 3/6
  1479 | D:2      | Reached XP level 4. HP: 26/26 MP: 1/7
  1647 | D:2      | Killed from afar by an orc priest

Illustrated notes

Levels and vault maps discovered:
D:1:      dpeg_arrival_rhombi, layout_basic,
          ebering_ecumenical_altar_sacrificial
D:2:      layout_basic, uniq_natasha

Skill      XL: |  1  2  3 |
---------------+----------+-----
Fighting       | 1 |  1.7
Conjurations   | 2 |  2.2
Dodging        | |  1.5
Stealth        | |  2.1
Spellcasting   | |  2.6
Fire Magic     | |  3.5

Action                   |  1- 3 |  4- 6 || total
-------------------------+-------+-------++-------
Melee: Spear             |    21 |       ||    21
       Dagger            |     2 |     3 ||     5
 Cast: Foxfire           |    67 |    12 ||    79
Armor: Robe              |     6 |     1 ||     7
Dodge: Dodged            |    20 |     3 ||    23
